 Dungeon Crawl Stone Soup version 0.30-a0-757-ga6a79fd877 (webtiles) character file.

Game seed: 9787432022698396379

47 Newt the Shooter (level 3, -1/24 HPs)
             Began as a Kobold Hunter on Feb 9, 2023.
             Slain by Natasha (8 damage)
             ... on level 2 of the Dungeon.
             The game lasted 00:01:25 (1231 turns).

Newt the Shooter (Kobold Hunter)                    Turns: 1231, Time: 00:01:25

Health: -1/24      AC:  4    Str:  8    XL:     3   Next: 97%
Magic:  3/3        EV: 11    Int: 10    God:
Gold:   77         SH:  0    Dex: 20    Spells: 2/2 levels left

rFire   . . .      SeeInvis .    a - +0 shortbow
rCold   . . .      Faith    .    (shield currently unavailable)
rNeg    . . .      Spirit   .    c - +1 leather armour
rPois   .          Reflect  .    (no helmet)
rElec   .          Harm     .    (no cloak)
rCorr   .          Rampage  .    (no gloves)
Will    .....                    (no boots)
Stlth   +++                      (no amulet)
HPRegen 0.24/turn                (no ring)
MPRegen 0.08/turn                (no ring)

@: slowed, constricted, studying Poison Magic, very slow
A: small, no large weapons, nightstalker 3
a: no special abilities


You were on level 2 of the Dungeon.
You visited 1 branch of the dungeon, and saw 2 of its levels.

You collected 77 gold pieces.

Inventory:

Hand Weapons
 a - a +0 shortbow (weapon)
Armour
 c - a +1 leather armour (worn)
Scrolls
 b - a scroll of immolation
 h - 3 scrolls of enchant armour
Potions
 d - a potion of degeneration
 g - a potion of curing {unknown}
 i - a potion of lignification {unknown}


   Skills:
 + Level 4.3 Fighting
 - Level 5.3 Ranged Weapons
 - Level 2.4 Dodging
 - Level 1.3 Stealth


You had 2 spell levels left.
You didn't know any spells.
Your spell library was empty.

Dungeon Overview and Level Annotations

Branches:
Dungeon (2/15)

Altars:

Annotations:
D:2 Natasha


Innate Abilities, Weirdness & Mutations

You are small and have problems with some larger weapons.
You are completely attuned to the shadows.


Message History

The adder closely misses you. Natasha barely misses you.
You shoot an arrow. The arrow hits Natasha.
Natasha is heavily wounded.
The adder closely misses you. Natasha claws you but does no damage.
The adder bites you but does no damage. Natasha barely misses you.
You shoot an arrow. The arrow barely misses Natasha.
The arrow closely misses the crimson imp.
The adder closely misses you.
The crimson imp blinks!
Natasha extends her claws.
Natasha claws you! The adder closely misses you.
The crimson imp blinks!
You shoot an arrow. The arrow barely misses Natasha.
The adder bites you but does no damage.
Natasha stares at you and mumbles some strange words.
You feel yourself slow down. Natasha attacks as you move away!
Natasha claws you but does no damage. The adder bites you. The adder bites you.
The adder closely misses you.
You shoot an arrow. The arrow closely misses the adder.
The arrow hits Natasha.
Natasha is severely wounded.
The adder barely misses you. The ball python barely misses you. x2
The adder closely misses you.
Natasha casts a spell.
The ball python bites you but does no damage.
The ball python misses you. The adder closely misses you.
You shoot an arrow. The arrow hits the adder!
You kill the adder!
The crimson imp disappears in a puff of smoke!
The ball python misses you. The ball python closely misses you.
The ball python barely misses you. x2
Natasha casts a spell.
You shoot an arrow. The arrow hits Natasha.
Natasha is severely wounded.
The ball python barely misses you. The ball python grabs you.
The ball python constricts you.
Natasha stares at you and mumbles some strange words.
The magic dart hits you.
The crimson imp blinks!
The ball python bites you.
* * * LOW HITPOINT WARNING * * *
The ball python constricts you. Natasha claws you!
You die...

§# #. ...
...
##.###.##..
.....)..#.#
.###.##...#
....§5#.#.##
##.##hS§#..#
#.. #@#.#.#
..#...#...#
#########
...#.#.#.##
#........
#.##...#?.#
#.####### ..
..#.#.## #.#
.##...# #.#
...#†## #.#
#.##..###.#
.....#....#


You could see Natasha, a white imp (summoned) and a ball python.

Vanquished Creatures
  An adder (D:2)
  A dart slug (D:1)
  4 bats (D:1)
  4 endoplasms (D:1)
  A giant cockroach (D:1)
  4 goblins
  3 hobgoblins (D:1)
  2 jackals (D:1)
  3 quokkas (D:1)
  3 ball pythons
  4 frilled lizards
  4 rats
34 creatures vanquished.

Notes
Turn   | Place    | Note
-------+----------+-------------------------------------------
     0 | D:1      | Newt the Kobold Hunter began the quest for the Orb.
     0 | D:1      | Reached XP level 1. HP: 12/12 MP: 1/1
   403 | D:1      | Reached XP level 2. HP: 18/18 MP: 2/2
   669 | D:1      | Reached XP level 3. HP: 23/23 MP: 3/3
  1215 | D:2      | Noticed Natasha
  1231 | D:2      | Slain by Natasha

Illustrated notes

Levels and vault maps discovered:
D:1:      evilmike_arrival_hilbert_curve, layout_loops_ring, serial_forest,
          infiniplex_forest_clump_small, infiniplex_forest_straight_3,
          infiniplex_forest_clump_small, infiniplex_forest_straight_2,
          infiniplex_forest_clump_medium, infiniplex_forest_corner_1
D:2:      layout_loops_ring, hellmonk_ecumenical_altar_prayer_group,
          basic_altar, nicolae_concentric_dashed_squares_wild, uniq_natasha

Skill      XL: |  1  2  3 |
---------------+----------+-----
Fighting       | 3 4 |  4.3
Ranged Weapons | |  5.3
Dodging        | |  2.4
Stealth        | |  1.3

Action                     || total
---------------------------++-------
   Fire: Shortbow          ||    87
    Use: Scroll            ||     3
 Armour: Leather armour    ||    14
  Dodge: Dodged            ||    42

Table legend: (Time is in decaauts)
 A = Elapsed time spent in this place.
 B = Non-inter-level travel time spent in this place.
 C = Inter-level travel time spent in this place.
 D = Time resting spent in this place.
 E = Time spent auto-exploring this place.
 F = Levels seen in this place.
 G = Mean time per level.
                   A        B        C        D        E       F      G
               +--------+--------+--------+--------+--------+-----+--------+
         Total |   1258 |   1247 |     11 |    140 |    931 |   2 |  629.0 |
       Dungeon |   1258 |   1247 |     11 |    140 |    931 |   2 |  629.0 |
               +--------+--------+--------+--------+--------+-----+--------+

Top non-repeatable levels by time:
     D:1: 1194 daAuts
     D:2: 64 daAuts
